 Dungeon Crawl Stone Soup version 0.30-b1-2-g02819fbbbe (webtiles) character file.

Game seed: 7433495128813360824

114 Metae the Shield-Bearer (level 4, -1/40 (41) HPs)
             Began as a Minotaur Fighter on June 26, 2023.
             Slain by a wight
             ... wielding a +2 flail
              (9 damage)
             ... on level 2 of the Dungeon.
             The game lasted 00:03:27 (1696 turns).

Metae the Shield-Bearer (Minotaur Fighter)          Turns: 1696, Time: 00:03:27

HP:   -1/40 (41)    AC: 12    Str: 23    XL:     4   Next: 66%
MP:   3/3           EV: 10    Int:  5    God:
Gold: 111           SH:  4    Dex:  9    Spells: 3/3 levels left

rFire   . . .        i - +2 dagger (venom)
rCold   . . .        c - +0 buckler
rNeg    . . .        b - +0 scale mail
rPois   .            (helmet restricted)
rElec   .            (no cloak)
rCorr   .            (no gloves)
SInv    .            j - +0 pair of boots
Will    .....        s - amulet of faith Stlth
                     p - +4 ring of protection
HPRegen 0.26/turn    (no ring)
MPRegen 0.08/turn

%: faith
@: lightly drained
A: horns 2, retaliatory headbutt
a: no special abilities


You were on level 2 of the Dungeon.
You visited 1 branch of the dungeon, and saw 3 of its levels.

You collected 111 gold pieces.

Inventory:

Hand Weapons
 i - a +2 dagger of venom (weapon)
 m - a +0 sling
Missiles
 e - 25 stones (quivered)
 h - 6 boomerangs
Armour
 b - a +0 scale mail (worn)
 c - a +0 buckler (worn)
 j - a +0 pair of boots (worn)
Jewellery
 p - a +4 ring of protection (left hand)
 s - an amulet of faith (around neck)
 v - an amulet of the acrobat
Scrolls
 f - 2 scrolls of teleportation {unknown}
 g - a scroll of immolation {unknown}
 k - a scroll of identify {unknown}
 l - 2 scrolls of blinking {unknown}
 o - a scroll of vulnerability {unknown}
 q - a scroll of poison {unknown}
 r - a scroll of noise {unknown}
Potions
 a - 2 potions of curing {unknown}
 d - 2 potions of might
 n - a potion of mutation {unknown}
 t - a potion of degeneration {unknown}
 u - a potion of lignification {unknown}


   Skills:
 + Level 4.3 Fighting
 + Level 3.1 Short Blades
 + Level 4.3 Armour
 + Level 1.9 Dodging
 + Level 4.3 Shields


You had 3 spell levels left.
You didn't know any spells.
Your spell library contained the following spells:

 Spells                   Type           Power      Damage    Failure   Level
 Ignite Poison            Fire/Tmut/Pois 0%         N/A       99%         3
 Sticky Flame             Conj/Fire      0%         2d3       100%        4
 Ignition                 Fire           0%         3d3       100%        8


Dungeon Overview and Level Annotations

Branches:
Dungeon (3/15)

Altars:

Shops:
D:1 [


Innate Abilities, Weirdness & Mutations

You have a pair of horns on your head.
You reflexively headbutt those who attack you in melee.


Message History

The wight is almost destroyed.
The wight hits you with a +4 short sword.
You hit the wight but do no damage.
You headbutt the wight, but do no damage.
The wight is almost destroyed.
The wight hits you with a +4 short sword.
You closely miss the wight. Your headbutt misses the wight.
The wight is almost destroyed.
The wight hits you but does no damage.
You completely miss the wight. You headbutt the wight.
You destroy the wight!
Your Short Blades skill increases to level 3!
You have reached level 4!
You feel stronger.
You hit the wight but do no damage.
The wight is severely damaged.
You block the wight's attack.
You completely miss the wight.
The wight is severely damaged.
The wight barely misses you.
You hit the wight but do no damage.
The wight is severely damaged.
The wight hits you with a +2 flail!
* * * LOW HITPOINT WARNING * * *
You feel drained.
* * * LOW HITPOINT WARNING * * *
You hit the wight but do no damage.
The wight is severely damaged.
You hit the wight. You headbutt the wight.
The wight is almost destroyed.
The wight hits you with a +2 flail.
* * * LOW HITPOINT WARNING * * *
There is a stone staircase leading up here.
You climb upwards.
There is a stone staircase leading down here.
The wight attacks as you move away! The wight barely misses you.
You hit the wight but do no damage.
The wight is almost destroyed.
The wight hits you with a +2 flail!
You die...

#.#####.............# ########
#.....#.............# .......#
#.....#.............# .......#
#.....#.#...........# .......#
#.....#.#...........# .......#
#....[#.#...........#
.......###.....#.#..........<#
.......'........z#..........##
.......###.#####@#######.####
.......# #...............#
.......# ######....#.#####
.......# #....#.# .......#
#....#.# ##..#### #....#.# ....#
#).###.# ####
....###########......# #...
.....#...............#########.##


You could see a wight.

Vanquished Creatures
  A wight (D:3)
  2 adders (D:2)
  4 ball pythons
  4 bats
  4 endoplasms
  A giant cockroach (D:3)
  3 goblins (D:1)
  4 hobgoblins
  5 kobolds
  3 quokkas
  A frilled lizard (D:1)
  6 rats
38 creatures vanquished.

Notes
Turn   | Place    | Note
-------+----------+-------------------------------------------
     0 | D:1      | Metae the Minotaur Fighter began the quest for the Orb.
     0 | D:1      | Reached XP level 1. HP: 19/19 MP: 0/0
   209 | D:1      | Reached XP level 2. HP: 21/27 MP: 1/1
   470 | D:1      | Reached skill level 1 in Dodging
   634 | D:1      | Found Cyropt's Antique Armour Emporium.
   730 | D:2      | Found a faded altar of an unknown god.
   789 | D:2      | Reached XP level 3. HP: 18/33 MP: 2/2
  1662 | D:3      | Noticed a wight
  1663 | D:3      | Noticed a wight
  1663 | D:3      | Noticed a wight
  1663 | D:3      | Noticed a wight
  1686 | D:3      | Killed a wight
  1687 | D:3      | Reached XP level 4. HP: 22/41 MP: 3/3
  1696 | D:2      | Slain by a wight

Illustrated notes

Levels and vault maps discovered:
D:1:      minmay_arrival_cross, layout_basic, serial_shops,
          nicolae_shop_back_alley_shop
D:2:      layout_basic, ebering_ecumenical_altar_box,
          chequers_serial_rivers_micro_c, serial_bayou_ford_a
D:3:      layout_basic, marbit_many_paths, serial_bayou_pond_e

Skill      XL: |  1  2  3 |
---------------+----------+-----
Dodging        | 1 |  1.9
Fighting       | 4 |  4.3
Armour         | 4 |  4.3
Shields        | 4 |  4.3
Short Blades   | 3 |  3.1

Action                     |  1- 3 |  4- 6 || total
---------------------------+-------+-------++-------
  Melee: Rapier            |    20 |       ||    20
         Headbutt          |    15 |     1 ||    16
         Dagger            |   102 |     6 ||   108
 Armour: Scale mail        |    58 |       ||    58
  Dodge: Dodged            |    51 |     2 ||    53
  Block: Buckler           |    27 |     1 ||    28
